 Dungeon Crawl Stone Soup version 0.17.0-26-gececa24 (webtiles) character file.

956 Oni the Covert (level 7, -1/50 HPs)
             Began as a Vampire Enchanter on Nov 20, 2015.
             Slain by a worker ant (5 damage)
             ... on level 6 of the Dungeon.
             The game lasted 00:32:54 (7706 turns).

Oni the Covert (Vampire Enchanter)                  Turns: 7706, Time: 00:32:55

Health: -1/50      AC: 13    Str:  7    XL:     7   Next: 91%
Magic:  0/11       EV: 14    Int: 19    God:
Gold:   67         SH:  0    Dex: 14    Spells: 5 memorised, 3 levels left

rFire  . . .     SeeInvis +     a - +1 dagger
rCold  + + .     Clarity  .     b - +2 robe
rNeg   + + +     SustAt   .     (no shield)
rPois  +         Gourm    .     h - +2 hat
rElec  .         Spirit   .     e - +2 cloak
rCorr  .         Warding  .     (no gloves)
rMut   .         Stasis   .     (no boots)
MR     .....                    (no amulet)
Stlth  +++++.....               (no ring)
                                (no ring)

@: regenerating slowly, not resistant to hostile enchantments, quite stealthy
A: fangs 3, rough black scales 1, see invisible, low mp 1, unbreathing
a: Bat Form


You were on level 6 of the Dungeon.
You were near bloodless.

You visited 1 branch of the dungeon, and saw 6 of its levels.

You collected 287 gold pieces.
You spent 220 gold pieces at shops.

Inventory:

Hand Weapons
 a - a +1 dagger (weapon)
Armour
 b - a +2 robe (worn)
 e - a +2 cloak (worn)
 h - a +2 hat (worn)
Wands
 g - a wand of magic darts (28)
 l - a wand of fireball (10)
 q - a wand of flame (31)
Scrolls
 i - 2 scrolls of immolation
 k - 3 scrolls of identify
 m - a scroll of teleportation
 o - 3 scrolls of remove curse
Potions
 d - 3 potions of blood
Books
 c - a book of Maledictions

   Spells                             Type                      Level
   a - Corona                         Hexes                        1
   b - Ensorcelled Hibernation        Hexes/Ice                    2
   c - Confuse                        Hexes                        3
   d - Tukima's Dance                 Hexes                        3
   e - Dazzling Spray                 Conjuration/Hexes            3
 f - a book of Death

   Spells                             Type                      Level
   a - Corpse Rot                     Necromancy                   2
   b - Sublimation of Blood           Necromancy                   2
   c - Agony                          Necromancy                   5
   d - Dispel Undead                  Necromancy                   5
   e - Excruciating Wounds            Charms/Necromancy            5
   f - Bolt of Draining               Conjuration/Necromancy       5
 j - a book of Cantrips

   Spells                             Type                      Level
   a - Corona                         Hexes                        1
   b - Animate Skeleton               Necromancy                   1
   c - Summon Small Mammal            Summoning                    1
   d - Apportation                    Translocation                1
Miscellaneous
 p - a box of beasts


   Skills:
 + Level 2.2 Fighting
 + Level 2.2 Short Blades
 + Level 5.0 Dodging
 + Level 8.1 Stealth
 + Level 3.6 Spellcasting
 + Level 6.6 Hexes
 + Level 0.2 Summonings
 + Level 2.6 Ice Magic


You had 3 spell levels left.
You knew the following spells:

 Your Spells              Type           Power        Failure   Level  Hunger
a - Corona                Hex            ####...      1%          1    None
b - Ensorcelled Hibernat  Hex/Ice        ###...       3%          2    ##.....
c - Tukima's Dance        Hex            ####....     2%          3    ###....
d - Summon Small Mammal   Summ           #...         14%         1    None
e - Confuse               Hex            ####....     2%          3    ###....


Dungeon Overview and Level Annotations

Branches:
Dungeon (6/15)             Temple (0/1) D:4

Altars:
Okawaru

Shops:
D:4 }


Innate Abilities, Weirdness & Mutations

You heal slowly.
You have razor-sharp teeth.
You have supernaturally acute eyesight.
You can survive without breathing.
You are partially covered in rough black scales (AC +4, Dex -1).
Your magical capacity is low (-10% MP).


Message History

Press: ? - help, Shift-Dir - straight line, f/p - worker ant
Aim: a worker ant (severely wounded, chance to defeat MR: 60%)
The worker ant resists with significant effort.
The worker ant barely misses you.
The orc priest hits you from afar with a trident.
* * * LOW HITPOINT WARNING * * *
You hit the worker ant.
The worker ant is severely wounded.
The worker ant misses you.
The orc priest hits you from afar with a trident.
* * * LOW HITPOINT WARNING * * *
You closely miss the worker ant.
The worker ant is severely wounded.
The worker ant completely misses you.
The orc priest hits you from afar with a trident.
* * * LOW HITPOINT WARNING * * *
You hit the worker ant but do no damage.
The worker ant is severely wounded.
The worker ant bites you.
You die...

.... #..ooo.....#
#..#
.....#o###########
#..#
.......o...........
#..#
...................
#..#
................)..
#..#
..........%........
#..#
....###+###)#####.
#..# .... #.)#...#
#... ... #..#@..#
#...
#.oa...#....#...#
#..#...#....#
########....#
#....# +....#
#....# #.Z..+
#<...#


You could see a worker ant and an orc priest.

Vanquished Creatures
  A necrophage (D:4)
  A sky beast (D:5)
  2 scorpions
  A centaur zombie (D:4)
  An orc priest (D:5)
  4 orc wizards
  A gnoll shaman (D:5)
  8 worker ants
  A hound zombie (D:5)
  9 adders
  8 gnolls
  An ooze (D:1)
  2 adder zombies (D:6)
  4 worms
  3 giant geckos
  10 orcs
  5 ball pythons
  4 giant cockroaches
  8 hobgoblins
  2 jackals (D:5)
  3 quokkas (D:5)
  A ball python zombie (D:5)
  11 bats
  2 giant gecko skeletons
  5 giant newts
  8 goblins
  A jackal skeleton (D:5)
  3 kobolds
  5 rats
115 creatures vanquished.

Vanquished Creatures (collateral kills)
  3 gnolls
  An orc (D:3)
4 creatures vanquished.

Grand Total: 119 creatures vanquished

Notes
Turn   | Place    | Note
--------------------------------------------------------------
     0 | D:1      | Oni the Vampire Enchanter began the quest for the Orb.
     0 | D:1      | Reached XP level 1. HP: 13/13 MP: 3/3
   169 | D:1      | Reached skill level 5 in Hexes
   183 | D:1      | Reached XP level 2. HP: 19/19 MP: 5/5
   361 | D:1      | Learned a level 2 spell: Ensorcelled Hibernation
  1274 | D:2      | Reached XP level 3. HP: 24/24 MP: 1/6
  1408 | D:2      | Reached skill level 5 in Stealth
  1621 | D:2      | Reached XP level 4. HP: 29/31 MP: 7/7
  1628 | D:2      | Learned a level 3 spell: Tukima's Dance
  2057 | D:3      | Gained mutation: Your magical capacity is low (-10% MP). [potion of mutation]
  2057 | D:3      | Gained mutation: You are partially covered in rough black scales (AC +4, Dex -1). [potion of mutation]
  2725 | D:2      | Reached skill level 1 in Ice Magic
  3791 | D:2      | Reached XP level 5. HP: 16/36 MP: 2/7
  4296 | D:3      | Reached skill level 1 in Fighting
  4367 | D:3      | Learned a level 1 spell: Summon Small Mammal
  5080 | D:4      | Reached XP level 6. HP: 20/43 MP: 8/8
  5100 | D:4      | HP: 1/43 [centaur zombie (7)]
  5311 | D:4      | Reached skill level 6 in Stealth
  5312 | D:4      | Noticed a necrophage
  5380 | D:4      | Killed a necrophage
  5394 | D:4      | Found Winueb's Gadget Emporium.
  5402 | D:4      | Bought a box of beasts for 220 gold pieces
  5479 | D:4      | Found a staircase to the Ecumenical Temple.
  5508 | D:4      | Reached XP level 7. HP: 39/50 MP: 10/10
  5616 | D:5      | Entered Level 5 of the Dungeon
  5679 | D:5      | Reached skill level 7 in Stealth
  5927 | D:5      | Learned a level 3 spell: Confuse
  6611 | D:5      | Found an iron altar of Okawaru.
  7414 | D:5      | Reached skill level 5 in Dodging
  7659 | D:6      | Reached skill level 8 in Stealth
  7706 | D:6      | Slain by a worker ant

Action                   |  1- 3 |  4- 6 |  7- 9 || total
-------------------------+-------+-------+-------++-------
Melee: Dagger            |   113 |   310 |   169 ||   592
 Cast: Corona            |     2 |       |     1 ||     3
       Ensorcelled Hiber |     7 |    26 |    27 ||    60
       Tukima's Dance    |       |     6 |     3 ||     9
       Summon Small Mamm |       |     1 |     1 ||     2
       Confuse           |       |       |     2 ||     2
  Use: Scroll            |     6 |     4 |     2 ||    12
       Potion            |     4 |    10 |     5 ||    19
 Stab: Sleeping          |    18 |    21 |    20 ||    59
       Distracted        |       |     2 |       ||     2
